 Dungeon Crawl Stone Soup version 0.31.0-11-ge490571c62 (webtiles) character file.

Game seed: 6484798144974081998

11599 Zeor the Immaculate (level 12, -1/96 HPs)
             Began as a Formicid Monk on Feb 2, 2024.
             Was a High Priest of Zin.
             Slain by an elephant (12 damage)
             ... on level 1 of the Lair of Beasts.
             The game lasted 00:38:16 (10407 turns).

Zeor the Immaculate (Formicid Monk)                Turns: 10407, Time: 00:38:16

Health: -1/96      AC: 10    Str: 20    XL:     12   Next: 9%
Magic:  0/20       EV: 15    Int: 13    God:    Zin [*****.]
Gold:   405        SH:  8    Dex: 29    Spells: 11/11 levels left

rFire   . . .        a - +2 scimitar (flame)
rCold   + . .        r - +0 buckler
rNeg    . . .        i - +0 swamp dragon scales
rPois   ∞            (helmet unavailable)
rElec   .            (no cloak)
rCorr   .            e - +0 pair of gloves
SInv    +            (no boots)
Will    +....        l - amulet of guardian spirit
Stlth   +++          u - ring of protection from cold
HPRegen 0.36/turn    y - +6 ring of dexterity
MPRegen 0.17/turn

%: guardian spirit
@: mighty, vitalised, studying Invocations
A: permanent stasis, dig shafts and tunnels, antennae 3, four strong arms
a: Dig, Shaft Self, Renounce Religion, Recite, Vitalisation, Imprison,
Sanctuary, Donate Gold


You were on level 1 of the Lair of Beasts.
You worshipped Zin.
Zin was extremely pleased with you.
You visited 3 branches of the dungeon, and saw 12 of its levels.

You collected 640 gold pieces.
You spent 28 gold pieces at shops.
You donated 207 gold pieces to Zin.

Inventory:

Hand Weapons
 a - a +2 scimitar of flaming (weapon)
 b - the +6 quick blade of the Grave {spect, rElec rF+ rC++ Int-4}
   (You acquired it on level 4 of the Dungeon)

   Int-4:     It affects your intelligence (-4).
   rF+:       It protects you from fire.
   rC++:      It greatly protects you from cold.
   rElec:     It insulates you from electricity.
 p - a +1 scimitar
 A - a +1 scimitar
Missiles
 g - 16 javelins
Armour
 d - an orb of light
 e - a +0 pair of gloves (worn)
 i - +0 swamp dragon scales (worn)
 r - a +0 buckler (worn)
Jewellery
 l - an amulet of guardian spirit (around neck)
 u - a ring of protection from cold (left hand)
 y - a +6 ring of dexterity (right hand)
Wands
 o - a wand of flame (3)
 z - a wand of iceblast (12)
Scrolls
 j - 2 scrolls of vulnerability
 m - a scroll of fear
 t - 3 scrolls of revelation
 v - a scroll of enchant weapon
 x - a scroll of noise
Potions
 c - 3 potions of enlightenment
 h - 2 potions of brilliance
 k - 4 potions of curing
 n - 3 potions of mutation
 q - 9 potions of ambrosia
 s - a potion of attraction
 w - a potion of magic


   Skills:
 * Level 9.4 Fighting
 * Level 10.5 Long Blades
 + Level 8.2 Armour
 + Level 4.8 Dodging
 + Level 5.9 Stealth
 * Level 7.9 Shields
 * Level 11.1 Invocations


You had 11 spell levels left.
You didn't know any spells.
Your spell library contained the following spells:

 Spells                   Type           Power      Damage    Failure   Level
 Slow                     Hex            0%         N/A       50%         1
 Summon Small Mammal      Summ           0%         N/A       50%         1
 Ensorcelled Hibernation  Hex/Ice        0%         N/A       65%         2
 Momentum Strike          Conj/Tloc      0%         3d8       65%         2
 Scorch                   Fire           0%         2d5       65%         2
 Call Canine Familiar     Summ           0%         N/A       86%         3
 Confusing Touch          Hex            0%         N/A       86%         3
 Fugue of the Fallen      Necr           0%         N/A       86%         3
 Sigil of Binding         Hex            0%         N/A       86%         3
 Vampiric Draining        Necr           0%         2d6       86%         3
 Anguish                  Hex/Necr       0%         N/A       99%         4
 Flame Wave               Conj/Fire      0%         2d4       99%         4
 Martyr's Knell           Necr/Summ      0%         N/A       99%         4
 Summon Blazeheart Golem  Fire/Summ      0%         N/A       99%         4
 Summon Cactus Giant      Summ           0%         N/A       100%        6
 Spellforged Servitor     Conj/Summ      0%         N/A       100%        7


Dungeon Overview and Level Annotations

Branches:
Dungeon (10/15)            Temple (1/1) D:6            Lair (1/5) D:10
    Orc: D:9-12

Altars:
Ashenzari
Cheibriados
Dithmenos
Elyvilon
Fedhas
Gozag
Hepliaklqana
Kikubaaqudgha
Makhleb
Nemelex Xobeh
Okawaru
Qazlal
Ru
Sif Muna
Trog
Uskayaw
Vehumet
Wu Jian
Xom
Yredelemnul
Zin
The Shining One

Shops:
D:2 *   D:4 :

Annotations:
D:4 4 runed translucent doors


Innate Abilities, Weirdness & Mutations

You cannot be hasted, slowed, berserked, paralysed or teleported.
You can dig through walls and to a lower floor.
You have a pair of large antennae on your head. (SInv)
Your four strong arms can wield two-handed weapons with a shield.


Message History

The wolf completely misses you.
You feel much better. The wolf completely misses you.
The wolf bites you but does no damage. You block the elephant's attack. x2
The wolf misses you. The wolf barely misses you.
You feel very mighty all of a sudden. You block the wolf's attack.
The wolf splashes around in the water.
The elephant tramples you!
You hold your ground!
The elephant trunk-slaps you. The wolf bites you.
* * * LOW HITPOINT WARNING * * *
The wolf barely misses you. Zin grants you divine stamina. The wolf bites you.
* * * LOW HITPOINT WARNING * * *
The elephant closely misses you.
The elephant trunk-slaps you but does no damage.
The wolf bites you.
* * * LOW HITPOINT WARNING * * *
You block the wolf's attack.
You slice the wolf!! You burn the wolf.
You kill the wolf!
The elephant tramples you!
* * * LOW HITPOINT WARNING * * *
You hold your ground!
You block the elephant's attack. You block the wolf's attack.
The cane toad closely misses you.
You hit the elephant. You burn the elephant.
The elephant is moderately wounded.
The elephant misses you.
The elephant trunk-slaps you but does no damage.
The cane toad closely misses you.
You slice the cane toad!! You burn the cane toad!
You kill the cane toad!
The wolf barely misses you. The elephant tramples you.
* * * LOW HITPOINT WARNING * * *
You hold your ground!
The elephant trunk-slaps you but does no damage.
The wolf barely misses you.
You hit the wolf. You burn the wolf.
The wolf is moderately wounded.
You block the wolf's attack. x2; The elephant tramples you!
You die...

∙∙∙ ∙∙∙∙∙∙∙∙▒▒▒▒
∙∙∙∙▒∙∙∙∙∙∙∙∙▒∙▒
∙∙∙Y▒∙∙~~~~∙∙∙∙∙
∙∙∙∙~∙~~~≈~~∙∙▒
∙∙Y∙~≈≈~~≈≈≈~∙▒
▒▒▒~~≈~~~~~≈~∙▒
∙∙∙∙~≈~∙†∙~~~∙▒
∙∙∙~~≈~∙Yh~≈≈∙▒▒
∙∙∙∙~≈~~hB~≈~∙∙▒
∙▒▒~~h≈≈~≈≈≈~~▒▒
∙∙∙∙∙≈≈≈≈≈≈~∙∙▒
∙∙∙$∙∙~~~~~~~∙∙∙∙
∙∙∙∙∙∙~∙∙~∙∙∙∙∙∙∙
∙∙∙P∙∙▒▒▒▒∙∙∙∙∙∙∙
▒▒▒P∙▒ ∙∙∙∙∙∙▒
∙∙∙ ∙∙∙∙∙▒▒


You could see 3 elephants and 3 wolves.

Vanquished Creatures
  4 two-headed ogres
  An elephant (Lair:1)
  A cane toad (Lair:1)
  An unseen horror (D:10)
  Maggie (D:6)
  2 hornets
  A queen bee (D:9)
  2 wyverns (D:10)
  3 yaks (D:10)
  2 steam dragons
  A basilisk (D:10)
  An acid dragon (D:10)
  4 water moccasins
  5 black bears
  2 ice beasts (D:6)
  An ogre (D:7)
  2 orc warriors
  3 centaurs
  3 wolves
  3 phantoms
  Blork the orc (D:6)
  6 bullfrogs
  2 kobold brigands
  2 gnoll sergeants
  2 scorpions (D:5)
  14 wights
  32 killer bees
  7 howler monkeys
  7 hounds
  A jelly (D:4)
  6 orc priests
  A gnoll bouda (D:7)
  2 sleepcaps
  Jessica (D:2)
  Natasha (thrice) (D:2)
  3 iguanas
  3 orc wizards
  Robin (D:2)
  7 adders
  14 gnolls
  A shadow imp (D:7)
  A ribbon worm (D:2)
  4 dart slugs
  33 orcs
  10 bats
  3 endoplasms
  5 giant cockroaches
  16 goblins
  6 hobgoblins
  5 jackals
  6 quokkas
  12 ball pythons
  3 frilled lizards
  23 kobolds
  2 rats (D:2)
288 creatures vanquished.

Notes
Turn   | Place    | Note
-------+----------+-------------------------------------------
     0 | D:1      | Zeor the Formicid Monk began the quest for the Orb.
     0 | D:1      | Reached XP level 1. HP: 18/18 MP: 1/1
    41 | D:1      | Reached XP level 2. HP: 7/24 MP: 2/2
   420 | D:1      | Reached XP level 3. HP: 30/30 MP: 3/3
  1037 | D:2      | Noticed Natasha
  1043 | D:2      | Reached XP level 4. HP: 35/37 MP: 4/4
  1053 | D:2      | Killed Natasha
  1184 | D:2      | Found Mud Him's Assorted Antiques.
  1193 | D:2      | Bought a scroll labelled RUSYIH BUPLU for 28 gold pieces
  1207 | D:2      | Noticed Natasha
  1216 | D:2      | Killed Natasha
  1217 | D:2      | Reached XP level 5. HP: 38/42 MP: 5/5
  1223 | D:2      | Noticed Natasha
  1234 | D:2      | Killed Natasha
  1353 | D:2      | Reached skill level 1 in Armour
  1446 | D:2      | Noticed Robin
  1487 | D:2      | Killed Robin
  1488 | D:2      | Reached skill level 1 in Stealth
  1758 | D:2      | Reached XP level 6. HP: 39/49 MP: 6/6
  1916 | D:2      | Noticed Jessica
  1931 | D:2      | Killed Jessica
  1932 | D:2      | Reached skill level 5 in Long Blades
  2867 | D:4      | Found an ornate altar of the Wu Jian Council.
  2870 | D:4      | Got the Compendium of Blinking Accomplices
  2896 | D:4      | Found a shadowy altar of Dithmenos.
  2897 | D:4      | Found a basalt altar of Yredelemnul.
  2922 | D:4      | Found a sacrificial altar of Ru.
  2968 | D:4      | Identified a scroll of acquirement
  2968 | D:4      | Acquired the +6 quick blade of the Grave {spect, rElec rF+
                  | rC++ Int-4}
  3044 | D:4      | Found Nuvukh's Tiny Tomes.
  3384 | D:4      | Reached skill level 5 in Fighting
  3384 | D:4      | Reached XP level 7. HP: 56/56 MP: 7/7
  3593 | D:4      | Found a large runed translucent door.
  3593 | D:4      | Found a large runed translucent door.
  3760 | D:4      | Noticed a steam dragon
  3766 | D:4      | Found a large runed translucent door.
  3766 | D:4      | Found a large runed translucent door.
  4140 | D:5      | Entered Level 5 of the Dungeon
  4332 | D:5      | Reached skill level 1 in Invocations
  4332 | D:5      | Reached XP level 8. HP: 53/63 MP: 5/8
  4540 | D:5      | Identified the +1 robe of the Little Devil {Slay+3}
  4549 | D:5      | Reached skill level 2 in Invocations
  4889 | D:5      | Reached skill level 3 in Invocations
  5349 | D:6      | Reached skill level 1 in Shields
  5393 | D:6      | Found a staircase to the Ecumenical Temple.
  5416 | Temple   | Entered the Ecumenical Temple
  5428 | Temple   | Became a worshipper of Zin the Law-Giver
  5428 | Temple   | Reached * piety under Zin
  5428 | Temple   | Reached ** piety under Zin
  5428 | Temple   | Reached *** piety under Zin
  5439 | D:6      | Donated 146 gold pieces to Zin
  5460 | D:6      | Noticed Maggie
  5469 | D:6      | Reached skill level 4 in Invocations
  5469 | D:6      | Reached XP level 9. HP: 62/71 MP: 8/12
  5481 | D:6      | Killed Maggie
  5482 | D:6      | Reached skill level 5 in Armour
  5502 | D:6      | Reached skill level 5 in Invocations
  5827 | D:6      | Noticed Blork the orc
  5835 | D:6      | Killed Blork the orc
  6061 | D:7      | Reached skill level 6 in Invocations
  6169 | D:7      | Reached XP level 10. HP: 61/79 MP: 9/14
  6237 | D:7      | Reached **** piety under Zin
  6250 | D:7      | Found a blossoming altar of Fedhas.
  6786 | D:8      | Noticed a two-headed ogre
  6792 | D:8      | Killed a two-headed ogre
  6793 | D:8      | Reached skill level 7 in Invocations
  7095 | D:8      | Reached skill level 5 in Shields
  7106 | D:8      | Reached skill level 8 in Invocations
  7445 | D:8      | Reached skill level 5 in Stealth
  7585 | D:8      | Reached ***** piety under Zin
  8281 | D:9      | Reached skill level 9 in Invocations
  8502 | D:9      | Reached XP level 11. HP: 87/87 MP: 17/17
  8963 | D:9      | Found a bloodstained altar of Trog.
  9317 | D:10     | Entered Level 10 of the Dungeon
  9503 | D:10     | Reached skill level 10 in Invocations
  9520 | D:10     | Noticed a two-headed ogre
  9529 | D:10     | Killed a two-headed ogre
  9580 | D:10     | Found a staircase to the Lair.
  9893 | D:10     | Found a bloodstained altar of Trog.
  9911 | D:10     | Noticed a two-headed ogre
  9925 | D:10     | Killed a two-headed ogre
  9926 | D:10     | Reached skill level 10 in Long Blades
  9982 | D:10     | Found a radiant altar of Vehumet.
  9982 | D:10     | Found a hide-covered altar of Uskayaw.
  9982 | D:10     | Found an opulent altar of Gozag.
 10009 | D:10     | Noticed a two-headed ogre
 10017 | D:10     | Killed a two-headed ogre
 10094 | D:10     | Reached XP level 12. HP: 95/95 MP: 20/20
 10371 | Lair:1   | Entered Level 1 of the Lair of Beasts
 10388 | Lair:1   | Reached skill level 11 in Invocations
 10407 | Lair:1   | Slain by an elephant

Illustrated notes

Levels and vault maps discovered:
D:1:      saegor_arrival_simple_d, layout_loops_ring
D:2:      wad_woods_tower, layout_rooms, serial_shops, shop, minmay_tromino_v2,
          uniq_jessica, uniq_robin, uniq_natasha
D:3:      layout_loops_cross
D:4:      minmay_skewed_foursquare, layout_basic,
          mainiacjoe_overflow_concentric_impassable,
          nicolae_ru_the_path_less_chosen, mainiacjoe_overflow_divided_tiny,
          nicolae_shop_i_like_small_books_too, minmay_hollow_rounded_squares
D:5:      layout_loops_corners, kennysheep_generic_room_13
D:6:      layout_rooms, minmay_temple_entry_drinking_statues,
          uniq_blork_the_orc, uniq_maggie
D:7:      layout_rooms, mainiacjoe_overflow_cross_hatched,
          kennysheep_generic_room_4
D:8:      layout_loops_corners, nrook_campfire, chequers_serial_rivers_micro_d
D:9:      layout_roguey, special_room [special_room_bee], minivault_1,
          hangedman_decor_growths, minmay_misc_feat_five,
          david_defended_altar_orc
D:10:     layout_basic, trog_book, gammafunk_temple_overflow_forgotten,
          minmay_lair_entry_grove
Temple:   nicolae_temple_figure_eight
Lair:1:   layout_chaotic_city, beast_lair_carwin_3, infiniplex_staircase_pool_2,
          grunt_megastairs_1, uniq_gastronok, uniq_jeremiah

Skill      XL: |  1  2  3  4  5  6  7  8  9 10 11 12 |
---------------+-------------------------------------+-----
Fighting       | 4 5 6 7 8 9 |  9.4
Long Blades    | 4 5 6 7 8 10 | 10.5
Dodging        | 3 4 |  4.8
Armour         | 1 3 4 6 7 8 |  8.2
Stealth        | 1 2 3 5 |  5.9
Invocations    | 1 4 6 9 10 11 | 11.1
Shields        | 1 3 5 7 |  7.9

Action                     |  1- 3 |  4- 6 |  7- 9 | 10-12 || total
---------------------------+-------+-------+-------+-------++-------
  Melee: Falchion          |    78 |   167 |       |       ||   245
         Quick blade       |       |    24 |   303 |   238 ||   565
         Scimitar          |       |       |       |   196 ||   196
 Invoke: Donate Gold       |       |       |     1 |       ||     1
         Recite            |       |       |     3 |     5 ||     8
         Vitalisation      |       |       |     1 |     1 ||     2
  Evoke: Wand              |       |       |       |     3 ||     3
    Use: Scroll            |     1 |    10 |     6 |     6 ||    23
         Potion            |       |     3 |       |     2 ||     5
   Stab: Distracted        |       |       |     3 |     2 ||     5
         Sleeping          |       |       |     2 |     6 ||     8
         Invisible         |       |       |     1 |     1 ||     2
         Confused          |       |       |       |     1 ||     1
 Armour: Robe              |    22 |       |       |       ||    22
         Ring mail         |    20 |   122 |    69 |       ||   211
         Swamp dragon scal |       |       |    10 |   183 ||   193
  Dodge: Dodged            |    48 |   125 |    51 |   199 ||   423
  Block: Buckler           |       |       |    17 |   115 ||   132
